 Dungeon Crawl Stone Soup version 0.31-a0-4-gefa6de2278 (webtiles) character file.

Game seed: 3746785923795709973

143318 2FriedEggs the Alchemist (level 17, 0/178 HPs)
             Began as an Ogre Transmuter on May 2, 2023.
             Was the Champion of Cheibriados.
             Slain by a vampire mosquito (3 damage)
             ... on level 4 of the Swamp on May 3, 2023.
             The game lasted 01:47:01 (31026 turns).

2FriedEggs the Alchemist (Ogre Transmuter)         Turns: 31026, Time: 01:47:02

Health: 0/178      AC:  5    Str: 42    XL:     17   Next: 37%
Magic:  11/25      EV: 17    Int: 29    God:    Cheibriados [******]
Gold:   2222       SH:  0    Dex: 24    Spells: 0/27 levels left

rFire   + . .        p - melded +4 hammer of Makhleb, Hungering {flame, rN+ rCorr Int+3}
rCold   + . .        (shield currently unavailable)
rNeg    . . .        M - melded +0 troll leather armour
rPois   ∞            (helmet currently unavailable)
rElec   +            o - melded +2 cloak
rCorr   .            (gloves unavailable)
SInv    .            (boots unavailable)
Will    +....        K - amulet of regeneration
Stlth   +++          Z - ring of Lethidy {rC+ Str+3 Stlth+}
HPRegen 1.29/turn    e - ring of protection from fire
MPRegen 0.19/turn

%: no passive effects
@: lethally poisoned (0 -> 0), storm-form, wereblooded, corroded, flying, very
slow
A: cleaving, insubstantial, flying, large, unfitting armour, (tough skin 1),
(antennae 1), (iridescent scales 1), inability to read after injury 1
a: Blinkbolt, End Transformation, Renounce Religion, Bend Time, Temporal
Distortion, Slouch, Step From Time


You were on level 4 of the Swamp.
You worshipped Cheibriados.
Cheibriados was exalted by your worship.
You were a lightning-filled tempest!
You visited 5 branches of the dungeon, and saw 27 of its levels.
You also visited: Ossuary and Gauntlet.

You collected 3217 gold pieces.
You spent 995 gold pieces at shops.

Inventory:

Hand Weapons
 p - the +4 hammer of Makhleb, Hungering (melded) {flame, rN+ rCorr Int+3}
   (You found it on level 2 of the Dungeon)

   Int:       It affects your intelligence (+3).
   rN:        It protects you from negative energy.
   rCorr:     It protects you from acid and corrosion.
 q - the +7 mace "Jellybane" {protect, Will++ rCorr}
   (You bought it in a shop on level 2 of the Orcish Mines)

   rCorr:     It protects you from acid and corrosion.
   Will:      It greatly increases your willpower.
 T - the +3 dagger "Furchass" {antimagic, *Rage Will++ rCorr Int+4}
   (You found it in a Gauntlet)

   Int:       It affects your intelligence (+4).
   *Rage:     It berserks you when you make melee attacks (+20% chance).
   rCorr:     It protects you from acid and corrosion.
   Will:      It greatly increases your willpower.
Missiles
 w - 4 throwing nets
Armour
 o - a +2 cloak (melded)
 M - a +0 troll leather armour (melded)
 U - a +0 robe of willpower
Jewellery
 b - an amulet of the acrobat
 e - a ring of protection from fire (right fist)
 g - an amulet of faith
 h - a ring of ice
 r - a ring of resist corrosion
 v - a ring of see invisible
 z - a ring of willpower
 K - an amulet of regeneration (around neck)
 L - a ring of flight
 N - a ring of poison resistance
 P - the ring "Ylug" {rPois rF- Will+ Str+8 Dex+2}
   (You found it in a Gauntlet)

   [ring of poison resistance]

   Str:       It affects your strength (+8).
   Dex:       It affects your dexterity (+2).
   rF:        It makes you vulnerable to fire.
   rPois:     It protects you from poison.
   Will:      It increases your willpower.
 R - the amulet of the Lusting Gods {Spirit +Blink rN+++ Int+6 Dex-3}
   (You took it off a minotaur in a Gauntlet)

   [amulet of guardian spirit]

   It causes incoming damage to be divided between your reserves of health and
   magic.
   Int:       It affects your intelligence (+6).
   Dex:       It affects your dexterity (-3).
   rN:        It renders you almost immune to negative energy.
   +Blink:    It lets you blink.
 X - a ring of wizardry
 Z - the ring of Lethidy (left fist) {rC+ Str+3 Stlth+}
   (You found it on level 5 of the Lair of Beasts)

   [ring of protection from cold]

   Str:       It affects your strength (+3).
   rC:        It protects you from cold.
   Stlth:     It makes you more stealthy.
Wands
 u - a wand of digging (5)
 y - a wand of flame (65)
 B - a wand of polymorph (6)
 H - a wand of roots (23)
 I - a wand of paralysis (27)
 W - a wand of acid (7)
Scrolls
 a - 3 scrolls of poison
 i - 8 scrolls of fear
 j - 3 scrolls of blinking
 k - a scroll of immolation
 m - 5 scrolls of fog
 t - 3 scrolls of enchant armour
 x - 8 scrolls of teleportation
 E - 5 scrolls of amnesia
 G - 7 scrolls of vulnerability
 S - 4 scrolls of identify
 Y - a scroll of torment
Potions
 c - 6 potions of mutation
 d - 2 potions of berserk rage
 f - 15 potions of curing
 l - 6 potions of heal wounds
 n - 2 potions of magic
 s - 2 potions of resistance
 A - 7 potions of flight
 D - 4 potions of ambrosia
 F - 5 potions of might
 J - 4 potions of cancellation
 Q - 2 potions of invisibility
 V - 3 potions of brilliance
Miscellaneous
 O - a box of beasts


   Skills:
 + Level 13.2 Fighting
 - Level 1.7 Dodging
 * Level 14.5 Unarmed Combat
 - Level 5.9 Spellcasting
 - Level 5.8 Translocations
 - Level 16.1 Transmutations
 - Level 5.3 Ice Magic
 - Level 12.6 Air Magic
 + Level 7.6 Invocations


You couldn't memorise any spells.
You knew the following spells:

 Your Spells              Type           Power      Damage    Failure   Level
a - Storm Form            Tmut/Air       37%        N/A       13%         7
b - Dragon Form           Tmut           40%        N/A       6%          7
c - Wereblood             Tmut           80%        N/A       0%          2
d - Manifold Assault      Tloc           42%        N/A       4%          4
e - Blink                 Tloc           84%        N/A       1%          2
f - Irradiate             Conj/Tmut      26%        3d20      6%          5

Your spell library contained the following spells:

 Spells                   Type           Power      Damage    Failure   Level
 Beastly Appendage        Tmut           100%       N/A       0%          1
 Apportation              Tloc           84%        N/A       1%          1
 Sting                    Tmut/Pois      100%       1d8       1%          1
 Lesser Beckoning         Tloc           84%        N/A       1%          2
 Passwall                 Tmut/Erth      44%        N/A       1%          2
 Poisonous Vapours        Pois/Air       90%        N/A       1%          2
 Frozen Ramparts          Ice            78%        1d12      1%          3
 Spider Form              Tmut/Pois      53%        N/A       1%          3
 Swiftness                Air            70%        N/A       1%          3
 Ice Form                 Ice/Tmut       63%        N/A       1%          4
 Blade Hands              Tmut           40%        N/A       1%          5
 Ensorcelled Hibernation  Hex/Ice        48%        N/A       2%          2
 Momentum Strike          Conj/Tloc      50%        3d9       2%          2
 Necrotise                Necr           32%        1d5       6%          1
 Slow                     Hex            32%        N/A       6%          1
 Summon Small Mammal      Summ           32%        N/A       6%          1
 Alistair's Intoxication  Tmut/Pois      35%        N/A       6%          5
 Silence                  Hex/Air        22%        N/A       12%         5
 Confusing Touch          Hex            8%         N/A       17%         3
 Dazzling Flash           Conj/Hex       16%        N/A       17%         3
 Vampiric Draining        Necr           8%         2d6       17%         3
 Summon Ice Beast         Ice/Summ       24%        N/A       19%         4
 Statue Form              Tmut/Erth      35%        N/A       32%         6
 Anguish                  Hex/Necr       4%         N/A       50%         4
 Leda's Liquefaction      Hex/Erth       4%         N/A       50%         4
 Olgreb's Toxic Radiance  Pois           8%         N/A       50%         4
 Agony                    Necr           8%         N/A       85%         5
 Lee's Rapid Deconstruct  Erth           4%         3d5*      85%         5


Dungeon Overview and Level Annotations

Branches:
Dungeon (15/15)            Temple (1/1) D:4            Lair (5/5) D:8
  Swamp (4/4) Lair:3       Spider (0/4) Lair:2        Slime (0/5) Lair:5
    Orc (2/2) D:9             Elf (0/3) Orc:2        Vaults (0/5) D:14
 Depths (0/4) D:15        Ossuary (visited)         Gauntlet (visited)

Altars:
Ashenzari
Cheibriados
Dithmenos
Elyvilon
Fedhas
Gozag
Hepliaklqana
Kikubaaqudgha
Makhleb
Nemelex Xobeh
Okawaru
Qazlal
Ru
Sif Muna
Trog
Uskayaw
Vehumet
Wu Jian
Xom
Yredelemnul
Zin
The Shining One

Shops:
D:1 (   D:4 *   D:9 ?   D:10 *   Orc:2 =(([**

Portals:
Trove: D:10 (give +5 demon blade)

Annotations:
D:6 2 runed translucent doors, BimmyJewtron's ghost, novice TrBe
Lair:5 exclusions: 2 doors and obsidian statue


Innate Abilities, Weirdness & Mutations

You are a lightning-filled tempest!
Your electrical attacks strike out in all directions at once.
You are incredibly evasive.
Your insubstantial body is immune to petrification, constriction, and being set on fire You are flying.
You are immune to poison.
Your armour is entirely melded.
You are incapable of wielding weapons or throwing items.
You are too large for most types of armour.
((You have tough skin. (AC +1)))
((You have a pair of small antennae on your head.))
((You are partially covered in iridescent scales. (AC +2)))
You occasionally lose the ability to read scrolls when taking damage.


Message History

You kill the swamp worm!
Cheibriados thoroughly appreciates the change of pace.
You feel sick.
You feel sick.
You claw the vampire mosquito! You tail-slap the vampire mosquito.
The vampire mosquito is severely damaged.
The vampire mosquito bites you but does no damage.
The vampire mosquito closely misses you.
The vampire mosquito bites you but does no damage.
The goliath frog hits you from afar!!
* * * LOW HITPOINT WARNING * * *
The acid corrodes you!
You are splashed with acid!
* * * LOW HITPOINT WARNING * * *
Unknown command.
Casting: Wereblood (safe; 0% risk of failure)
Confirm with . or Enter, or press ? or * to list all spells.
Your transformation has ended.
The +4 hammer of Makhleb, Hungering {flame, rN+ rCorr Int+3} unmelds from your body.
Your +2 cloak unmelds from your body.
Your +0 troll leather armour unmelds from your body.
The +4 hammer of Makhleb, Hungering {flame, rN+ rCorr Int+3} bursts into flame!
You fly out of the water as you turn into a lightning-filled tempest!
The +4 hammer of Makhleb, Hungering {flame, rN+ rCorr Int+3} melds into your body.
Your +2 cloak melds into your body.
Your +0 troll leather armour melds into your body.
The +4 hammer of Makhleb, Hungering {flame, rN+ rCorr Int+3} stops flaming.
The vampire mosquito misses you. The vampire mosquito bites you!
* * * LOW HITPOINT WARNING * * *
The vampire mosquito barely misses you.
The goliath frog hits you but does no damage.
The vampire mosquito closely misses you.
The vampire mosquito bites you but does no damage.
The vampire mosquito bites you!
* * * LOW HITPOINT WARNING * * *
The vampire mosquito barely misses you. The goliath frog hits you from afar!
* * * LOW HITPOINT WARNING * * *
The acid corrodes you!
You are splashed with acid!
* * * LOW HITPOINT WARNING * * *
The vampire mosquito bites you.
You die...

~§~~~§~.~.♣
♣♣.~~~~~~.♣
♣~~~~~~~<♣
♣~~~~~§.~~♣
♣.~††~♣♣♣..♣
♣.~~F...~♣♣
♣♣F.y~~§..♣
♣♣y♣♣♣♣(~~§.
♣~vy♣ )~~~
♣†§§~♣ ~~~~
♣~~~.♣ ..
♣~~~.♣ ♣
♣.~~.♣
♣~..~♣
♣♣..♣♣ ♣..♣


You could see a goliath frog and 2 vampire mosquitoes.

Vanquished Creatures
  Rupert (Lair:3)
  2 thorn hunters (Swamp:2)
  A fenstrider witch (Swamp:4)
  A fire giant (D:12)
  The ghost of Imulidwi the Warrior, a journeyman OpFi of Okawaru (D:15)
  An orc warlord (Orc:2)
  Azrael (Orc:2)
  3 eleionomae
  3 bunyips
  Nessos (Orc:2)
  A minotaur (Gauntlet)
  A dire elephant (Lair:5)
  Snorg (Orc:1)
  3 ettins
  Josephine (Orc:2)
  Fannar (Orc:1)
  4 vault guards (D:14)
  Erolcha (D:10)
  3 catoblepae
  A rakshasa (D:15)
  Harold (Orc:1)
  4 ogre magi
  An anaconda (Swamp:1)
  3 death knights
  4 hydras
  6 centaur warriors
  2 tengu warriors (D:14)
  11 alligators
  5 boulder beetles
  3 death yaks (D:8)
  9 two-headed ogres
  2 orc high priests (Orc:2)
  Sonja (D:10)
  4 spriggans
  A skyshark (Lair:3)
  2 spectral death yaks (Lair:5)
  5 skeletal warriors (D:14)
  2 deep trolls
  A spectral anaconda (Lair:5)
  7 goliath frogs
  5 bog bodies
  A spriggan druid (Swamp:3)
  A deep elf pyromancer (D:13)
  A glowing orange brain (Gauntlet)
  A wizard (D:15)
  Pikel (D:7)
  A phantasmal warrior (D:15)
  3 necromancers (Lair:5)
  2 lindwurms
  An orange crystal statue (D:13)
  3 orc knights
  3 orc sorcerers
  2 cyclopes
  3 manticores
  17 ugly things
  5 will-o-the-wisps
  An elephant (shapeshifter) (D:14)
  A moth of wrath (Gauntlet)
  17 elephants
  An ice statue (D:13)
  A dire elephant zombie (Lair:5)
  Maurice (D:10)
  7 black mambas
  A torpor snail (Lair:4)
  2 dire elephant skeletons (Lair:5)
  4 gargoyles
  An unseen horror (D:12)
  15 cane toads
  A freezing wraith (D:12)
  A minotaur zombie (Gauntlet)
  2 kobold demonologists
  A rime drake (Lair:2)
  A tengu conjurer (D:14)
  8 komodo dragons
  7 trolls
  A queen bee (Gauntlet)
  3 meliai (D:13)
  3 polar bears
  4 hornets
  3 tyrant leeches
  Prince Ribbit (D:8)
  15 blink frogs
  5 dream sheep (Lair:3)
  16 slime creatures
  3 shadows
  3 wyverns
  Sigmund (D:6)
  2 fire elementals (Orc:2)
  36 yaks
  10 wraiths
  A human (D:14)
  21 vampire mosquitoes
  4 redbacks (Gauntlet)
  4 basilisks
  3 steam dragons
  4 wargs
  4 acid dragons
  14 water moccasins
  12 swamp worms
  3 hell hounds (Orc:2)
  4 sky beasts
  29 orc warriors
  Duvessa (D:7)
  3 ice beasts
  2 black bears (D:6)
  4 wolves (Lair:1)
  9 ogres
  14 centaurs
  2 lemures (D:7)
  An elephant skeleton (Lair:5)
  2 phantoms (D:7)
  3 kobold brigands
  An elf zombie (Ossuary)
  3 gnoll sergeants
  12 bullfrogs
  2 scorpions
  A cane toad simulacrum (Lair:5)
  Dowan (D:7)
  2 elephant simulacra (Lair:5)
  9 killer bees
  An electric eel (D:6)
  7 howler monkeys
  A centaur zombie (Ossuary)
  5 jellies
  25 orc priests
  A hound (D:7)
  3 gnoll boudas
  2 human zombies (Ossuary)
  Crazy Yiuf (D:2)
  A sleepcap (D:6)
  Terence (D:2)
  3 iguanas
  Natasha (twice) (D:2)
  16 orc wizards
  2 mummies (Ossuary)
  9 gnolls
  4 adders
  2 white imps
  An adder zombie (Ossuary)
  2 worms
  4 dart slugs
  89 orcs
  8 ball pythons
  8 endoplasms
  5 giant cockroaches
  6 goblins
  8 hobgoblins
  25 kobolds
  4 quokkas
  4 bats
  6 frilled lizards
  2 goblin zombies (Ossuary)
  8 hobgoblin zombies (Ossuary)
  2 jackal zombies (Ossuary)
  11 kobold zombies (Ossuary)
  7 orc zombies (Ossuary)
  3 rats
  A rat zombie (Ossuary)
800 creatures vanquished.

Vanquished Creatures (collateral kills)
  A goliath frog (Swamp:2)
  A skeletal warrior (D:12)
  A hornet (Swamp:2)
  A centaur (D:12)
4 creatures vanquished.

Vanquished Creatures (others)
  2 bloated husks (Swamp:1)
  A spriggan (Swamp:2)
  A vampire mosquito (Swamp:1)
  An orc priest (Orc:2)
  An orc wizard (Orc:2)
  An orc (Orc:2)
  14 foxfires (Swamp:3)
  39 fungi
  25 plants
  14 withered plants (Lair:5)
99 creatures vanquished.

Grand Total: 903 creatures vanquished

Notes
Turn   | Place    | Note
-------+----------+-------------------------------------------
     0 | D:1      | 2FriedEggs the Ogre Transmuter began the quest for the Orb.
     0 | D:1      | Reached XP level 1. HP: 19/19 MP: 3/3
    13 | D:1      | Found Doidysau's Antique Weapon Boutique.
   185 | D:1      | Reached XP level 2. HP: 23/29 MP: 5/5
   780 | D:1      | Found a faded altar of an unknown god.
   833 | D:1      | Reached XP level 3. HP: 39/39 MP: 6/6
  1517 | D:2      | Reached skill level 5 in Fighting
  1517 | D:2      | Reached XP level 4. HP: 43/50 MP: 5/7
  1639 | D:2      | Learned a level 4 spell: Ice Form
  1857 | D:2      | Noticed Terence
  1955 | D:2      | Noticed Natasha
  1963 | D:2      | Killed Natasha
  1964 | D:2      | Reached skill level 2 in Transmutations
  1964 | D:2      | Reached skill level 1 in Ice Magic
  2230 | D:2      | Noticed Natasha
  2237 | D:2      | Killed Natasha
  2238 | D:2      | Reached XP level 5. HP: 40/57 MP: 6/8
  2363 | D:2      | Found a runed translucent door.
  2364 | D:2      | Noticed Crazy Yiuf
  2455 | D:2      | Killed Terence
  3001 | D:3      | Found an ancient bone altar of Kikubaaqudgha.
  3354 | D:3      | You fall into a shaft and drop 1 floor!
  3483 | D:2      | Killed Crazy Yiuf
  3484 | D:2      | Reached skill level 3 in Transmutations
  3589 | D:2      | Identified the +4 hammer of Makhleb, Hungering {flame, rN+
                  | rCorr Int+3}
  4298 | D:3      | Reached XP level 6. HP: 50/66 MP: 9/9
  4763 | D:1      | Bought a crude war axe for 144 gold pieces
  4763 | D:1      | Identified the +4 war axe of Ycoto {heavy, Int+3 Stlth+}
                  | (You bought it in a shop on level 1 of the Dungeon)
  4875 | D:4      | Found a glowing silver altar of Zin.
  4945 | D:4      | Found Innez Deps's Assorted Antiques.
  4946 | D:4      | Identified the +0 robe "Osibbyru" {rF- rCorr Int+3}
  4974 | D:4      | Gained mutation: You have a pair of small antennae on your
                  | head. [potion of mutation]
  4974 | D:4      | Gained mutation: You are partially covered in iridescent
                  | scales. (AC +2) [potion of mutation]
  4974 | D:4      | Gained mutation: You occasionally lose the ability to read
                  | scrolls when taking damage. [potion of mutation]
  5239 | D:4      | Learned a level 2 spell: Wereblood
  5243 | D:4      | Found a staircase to the Ecumenical Temple.
  5398 | Temple   | Entered the Ecumenical Temple
  5450 | Temple   | Became a worshipper of Cheibriados the Contemplative
  5563 | D:4      | Reached skill level 4 in Transmutations
  5616 | D:4      | Reached XP level 7. HP: 65/72 MP: 10/10
  6231 | D:5      | Entered Level 5 of the Dungeon
  6888 | D:4      | Bought a scroll labelled LIENWO WARY for 27 gold pieces
  6888 | D:4      | Bought a scroll labelled EKHLUY YRUPAOG for 27 gold pieces
  6888 | D:4      | Bought a scroll labelled KIGOALO ZAGYA for 27 gold pieces
  7550 | D:6      | Noticed Sigmund
  7560 | D:6      | Killed Sigmund
  7561 | D:6      | Reached skill level 5 in Transmutations
  7561 | D:6      | Reached XP level 8. HP: 80/80 MP: 11/11
  7585 | D:6      | Reached skill level 5 in Ice Magic
  7657 | D:6      | Reached * piety under Cheibriados
  7926 | D:6      | Reached skill level 5 in Unarmed Combat
  8070 | D:6      | Reached XP level 9. HP: 92/92 MP: 7/12
  8282 | D:6      | Found a stormy altar of Qazlal.
  8282 | D:6      | Found a glowing golden altar of the Shining One.
  8334 | D:6      | Found a large runed translucent door.
  8335 | D:6      | Found a large runed translucent door.
  8339 | D:6      | Noticed BimmyJewtron's ghost (novice TrBe)
  8837 | D:7      | Reached ** piety under Cheibriados
  8946 | D:7      | Found a sand-covered staircase.
  8953 | Ossuary  | Entered an ossuary
  9384 | Ossuary  | Reached *** piety under Cheibriados
  9481 | D:7      | Learned a level 2 spell: Blink
  9523 | D:7      | Noticed Dowan
  9525 | D:7      | Noticed Duvessa
  9530 | D:7      | Killed Duvessa
  9533 | D:7      | Killed Dowan
  9534 | D:7      | Reached XP level 10. HP: 104/107 MP: 6/13
  9957 | D:7      | Noticed a brown ugly thing
  9963 | D:7      | Killed a brown ugly thing
  9977 | D:7      | Reached skill level 10 in Fighting
  9977 | D:7      | Noticed a kobold demonologist
  9991 | D:7      | Killed a kobold demonologist
 10001 | D:7      | Reached **** piety under Cheibriados
 10006 | D:7      | Reached skill level 10 in Unarmed Combat
 10380 | D:7      | Noticed Pikel
 10386 | D:7      | Killed Pikel
 10387 | D:7      | Reached XP level 11. HP: 120/120 MP: 10/14
 11043 | D:8      | Noticed a cyclops
 11044 | D:8      | Noticed a centaur warrior
 11045 | D:8      | Noticed a deep elf pyromancer
 11170 | D:8      | Noticed a cyclops
 11170 | D:8      | Identified the ring "Ytzegus" {rElec Will- Str+2 Int+6
                  | Dex+3}
 11170 | D:8      | Identified the +7 mace of Dismemberment {protect, rCorr
                  | Str+3 Dex+3}
 11170 | D:8      | Noticed a deep elf pyromancer
 11170 | D:8      | Noticed a centaur warrior
 11175 | D:8      | Noticed a two-headed ogre
 11291 | D:8      | Noticed Prince Ribbit
 11301 | D:8      | Killed Prince Ribbit
 11405 | D:8      | Noticed a death yak
 11415 | D:8      | Killed a death yak
 11417 | D:8      | Noticed a death yak
 11417 | D:8      | Noticed a death yak
 11432 | D:8      | Killed a death yak
 11440 | D:8      | Killed a death yak
 11771 | D:8      | Found a staircase to the Lair.
 12107 | D:9      | Reached ***** piety under Cheibriados
 12111 | D:9      | Reached skill level 1 in Invocations
 12186 | D:9      | Found a sacrificial altar of Ru.
 12336 | D:9      | Found a blossoming altar of Fedhas.
 12370 | D:9      | Noticed a purple ugly thing
 12374 | D:9      | Killed a purple ugly thing
 12379 | D:9      | Found a staircase to the Orcish Mines.
 12489 | D:9      | Noticed a two-headed ogre
 12493 | D:9      | Killed a two-headed ogre
 12512 | D:9      | Found Sazik's Magic Scroll Shop.
 12557 | D:9      | Bought a scroll of identify for 20 gold pieces
 12557 | D:9      | Bought a scroll of identify for 20 gold pieces
 12557 | D:9      | Bought a scroll of teleportation for 30 gold pieces
 12557 | D:9      | Bought 2 scrolls of fear for 80 gold pieces
 12783 | D:10     | Entered Level 10 of the Dungeon
 12789 | D:10     | Learned a level 4 spell: Manifold Assault
 12849 | D:10     | Noticed Maurice
 12866 | D:10     | Killed Maurice
 12870 | D:10     | Reached XP level 12. HP: 133/133 MP: 13/15
 13007 | D:10     | Noticed Erolcha
 13037 | D:10     | Killed Erolcha
 13175 | D:10     | Found a portal to a secret trove of treasure.
 13231 | D:10     | Noticed a centaur warrior
 13240 | D:10     | Killed a centaur warrior
 13465 | D:10     | Reached skill level 5 in Invocations
 13496 | D:10     | Noticed Sonja
 13515 | D:10     | Killed Sonja
 13532 | D:10     | Found Qitesch's Assorted Antiques.
 13619 | D:10     | Found an opulent altar of Gozag.
 13621 | D:10     | Found a broken altar of Ashenzari.
 13625 | D:10     | Found a hazy altar of Hepliaklqana.
 14036 | D:11     | Noticed a boulder beetle
 14055 | D:11     | Killed a boulder beetle
 14055 | D:11     | Reached ****** piety under Cheibriados
 14906 | D:12     | Noticed a centaur warrior
 14910 | D:12     | Killed a centaur warrior
 14911 | D:12     | Reached skill level 6 in Transmutations
 14911 | D:12     | Reached skill level 1 in Air Magic
 15304 | Lair:1   | Entered Level 1 of the Lair of Beasts
 15310 | Lair:1   | Reached skill level 1 in Translocations
 15321 | Lair:1   | Found a gate leading to a gauntlet.
 15337 | Gauntlet | Entered a Gauntlet
 15337 | Gauntlet | Noticed a death scarab
 15337 | Gauntlet | Found a transporter.
 15337 | Gauntlet | Found a transporter.
 15337 | Gauntlet | Found a runed translucent gate.
 15339 | Gauntlet | Found a runed translucent gate.
 15340 | Gauntlet | Found a transporter.
 15340 | Gauntlet | Found a transporter.
 15340 | Gauntlet | Found the +0 pair of fencer's gloves {Riposte Dex+3}
 15341 | Gauntlet | Found a runed translucent gate.
 15370 | Gauntlet | Found a transporter.
 15370 | Gauntlet | Found a transporter.
 15372 | Gauntlet | Found a transporter.
 15372 | Gauntlet | Found a transporter.
 15386 | Gauntlet | Found a transporter.
 15386 | Gauntlet | Noticed a dire elephant
 15402 | Gauntlet | Found a transporter.
 15412 | Gauntlet | Found a transporter.
 15427 | Gauntlet | Found a transporter.
 15447 | Gauntlet | Found a transporter.
 15447 | Gauntlet | Noticed a soul eater
 15464 | Gauntlet | Found a transporter.
 15774 | Gauntlet | Reached XP level 13. HP: 141/141 MP: 6/17
 15896 | Gauntlet | Reached skill level 5 in Translocations
 15976 | Gauntlet | Identified the ring "Ylug" {rPois rF- Will+ Str+8 Dex+2}
 16004 | Gauntlet | Identified the amulet of the Lusting Gods {Spirit +Blink
                  | rN+++ Int+6 Dex-3}
 16004 | Gauntlet | Noticed a minotaur
 16016 | Gauntlet | Killed a minotaur
 16078 | Gauntlet | Identified the +3 dagger "Furchass" {antimagic, *Rage
                  | Will++ rCorr Int+4}
 16627 | Lair:2   | Reached skill level 7 in Transmutations
 16651 | Lair:2   | Found a hole to the Spider Nest.
 17349 | Lair:3   | Noticed Rupert
 17359 | Lair:3   | Paralysed by Rupert for 3 turns
 17363 | Lair:3   | Killed Rupert
 17390 | Lair:3   | Reached skill level 5 in Air Magic
 17480 | Lair:3   | Reached skill level 8 in Transmutations
 17877 | Lair:3   | Found a staircase to the Swamp.
 18021 | Lair:3   | Reached skill level 9 in Transmutations
 18046 | Lair:3   | Reached XP level 14. HP: 125/150 MP: 18/18
 19549 | Lair:5   | Entered Level 5 of the Lair of Beasts
 19626 | Lair:5   | Found a staircase to the Slime Pits.
 19709 | Lair:5   | Reached skill level 10 in Transmutations
 20024 | Lair:5   | Noticed a dire elephant
 20024 | Lair:5   | Noticed a dire elephant
 20025 | Lair:5   | Noticed a dire elephant
 20025 | Lair:5   | Noticed a dire elephant
 20044 | Lair:5   | Killed a dire elephant
 20159 | Lair:5   | Identified the ring of Lethidy {rC+ Str+3 Stlth+}
 20428 | Lair:5   | Reached skill level 11 in Transmutations
 21218 | D:12     | Reached skill level 5 in Spellcasting
 21535 | D:11     | Learned a level 7 spell: Storm Form
 21616 | D:12     | Noticed a fire giant
 21621 | D:12     | Killed a fire giant
 21622 | D:12     | Reached XP level 15. HP: 105/158 MP: 13/23
 22851 | D:13     | Reached skill level 12 in Transmutations
 23158 | D:14     | Reached skill level 10 in Air Magic
 23496 | D:14     | Found an opulent altar of Gozag.
 23912 | D:14     | Identified the +0 sling of Fireleu {antimagic, rElec}
 24079 | D:14     | Reached skill level 13 in Transmutations
 24321 | D:14     | Found a gate to the Vaults.
 24364 | D:15     | Entered Level 15 of the Dungeon
 24609 | D:14     | Upgraded the game from 0.31-a0-1-g4198be8af4 to
                  | 0.31-a0-4-gefa6de2278
 24854 | D:15     | Reached XP level 16. HP: 137/167 MP: 17/24
 25162 | D:15     | Reached skill level 14 in Transmutations
 25221 | D:15     | Found a runed translucent door.
 25226 | D:15     | Noticed Imulidwi's ghost (journeyman OpFi)
 25316 | D:15     | Found a staircase to the Depths.
 26043 | D:15     | Killed Imulidwi's ghost
 26306 | Orc:1    | Entered Level 1 of the Orcish Mines
 26558 | Orc:1    | Noticed Harold
 26562 | Orc:1    | Killed Harold
 26732 | Orc:1    | Noticed Fannar
 26738 | Orc:1    | Killed Fannar
 26740 | Orc:1    | Noticed Snorg
 26744 | Orc:1    | Killed Snorg
 27015 | Orc:2    | Entered Level 2 of the Orcish Mines
 27053 | Orc:2    | Noticed Josephine
 27057 | Orc:2    | Killed Josephine
 27262 | Orc:2    | Found Kaepuh's Overcharged Wands.
 27288 | Orc:2    | Noticed Nessos
 27294 | Orc:2    | Killed Nessos
 27296 | Orc:2    | Noticed Azrael
 27301 | Orc:2    | Found Letat's Assorted Antiques.
 27309 | Orc:2    | Killed Azrael
 27325 | Orc:2    | Bought a masterwork staff for 348 gold pieces
 27325 | Orc:2    | Identified the staff of cold "Bumimi" {rElec rF- rC+ Dex+3
                  | Stlth+} (You bought it in a shop on level 2 of the Orcish
                  | Mines)
 27376 | Orc:2    | Found Nyahevoco's Antique Weapon Emporium.
 27382 | Orc:2    | Found Gunlein's Antique Armour Shoppe.
 27384 | Orc:2    | Reached skill level 15 in Transmutations
 27476 | Orc:2    | Bought a jewelled mace for 272 gold pieces
 27476 | Orc:2    | Identified the +7 mace "Jellybane" {protect, Will++ rCorr}
                  | (You bought it in a shop on level 2 of the Orcish Mines)
 27526 | Orc:2    | Found a staircase to the Elven Halls.
 27976 | Orc:2    | Found Etuaz's Weapon Shop.
 28348 | Orc:2    | Found Bolo's Jewellery Boutique.
 28473 | Swamp:1  | Entered Level 1 of the Swamp
 28473 | Swamp:1  | You fall into a shaft and drop 1 floor!
 28491 | Swamp:2  | Noticed a thorn hunter
 28497 | Swamp:2  | Killed a thorn hunter
 29679 | Swamp:2  | Noticed a thorn hunter
 29680 | Swamp:2  | Reached skill level 16 in Transmutations
 29692 | Swamp:2  | Killed a thorn hunter
 29693 | Swamp:2  | Reached XP level 17. HP: 32/175 MP: 8/25
 30054 | Swamp:2  | Learned a level 5 spell: Irradiate
 30063 | Swamp:2  | Learned a level 7 spell: Dragon Form
 31008 | Swamp:4  | Entered Level 4 of the Swamp
 31026 | Swamp:4  | HP: 3/178 [acid (8)]
 31026 | Swamp:4  | Slain by a vampire mosquito

Illustrated notes

Levels and vault maps discovered:
D:1:      dpeg_arrival_tiny_c, layout_basic, shapermc_ecumenical_altar_ellora,
          serial_shops, nicolae_shop_statue_plus, serial_bayou_pond_b,
          chequers_serial_rivers_micro_c
D:2:      layout_loops_ring, uniq_terence, uniq_natasha, uniq_crazy_yiuf_cottage
D:3:      layout_loops_cross, kiku_gazebo_pond_becter, minivault_5,
          chequers_decorated_corner, minmay_quantized
D:4:      layout_basic, lemuel_tele_altar, minmay_temple_entry_poolview,
          serial_shops, shop, serial_bayou, serial_bayou_crossing,
          serial_bayou_pond_c, serial_bayou_lagoon_a, serial_bayou_ford_a,
          nicolae_hexahallways
D:5:      layout_layer_cave
D:6:      layout_basic, nicolae_overflow_two_pavilions,
          ebering_ghost_disaster_area, uniq_sigmund
D:7:      minmay_the_grid_octo_2x2 [minmay_the_grid_octo_concentric,
          minmay_the_grid_octo_checkerflower, minmay_the_grid_octo_chip,
          minmay_the_grid_octo_prize_big_c], layout_cave_pods,
          chequers_ossuary_entry_cave, uniq_duvessa, uniq_pikel
D:8:      layout_loops_ring, dpeg_lair_monsters, minivault_12,
          uniq_prince_ribbit1
D:9:      layout_basic, hangedman_ru_absence, mainiacjoe_overflow_catwalk,
          david_orc_2, serial_shops, nicolae_shop_tiny_real_fake_doors
D:10:     layout_roguey, gammafunk_temple_overflow_forgotten, serial_shops,
          shop, enter_trove_6, uniq_erolcha, uniq_maurice, uniq_sonja
D:11:     layout_basic
D:12:     kennysheep_green_arena, layout_irregular_city
D:13:     layout_roguey, minmay_more_statues
D:14:     layout_basic, grunt_vaults_entry_fortified, nicolae_gozag_seed_capital
D:15:     hangedman_depths_entry_civil_slaughter, layout_stronghold,
          serial_bayou_shore_b, ebering_ghost_reflecting_pool
Temple:   nicolae_temple_ecumenical_triangle
Lair:1:   layout_misc_corridors, gauntlet_entry_generic
Lair:2:   layout_roguey, spider_nest_entry_web_field
Lair:3:   layout_roguey, swamp_mist_pool, st_stairs_9, pond, grunt_megastairs_1,
          lemuel_fruit_tree, serial_bayou_shore_b, uniq_rupert
Lair:4:   layout_misc_corridors, dreamdust_mushroom_princess,
          chequers_serial_rivers_large_b
Lair:5:   due_jungle_book, layout_regular_city, slime_entry_1
Swamp:1:  layout_basic_swamp, hangedman_swamp_ruin_wall, swamp_pool1,
          nicolae_swamp_snake_nest
Swamp:2:  layout_falls_marsh, serial_swamp_ruin, evilmike_swamp_ruin_house_5,
          evilmike_swamp_ruin_house_6, swamp_pool1
Swamp:3:  layout_falls_marsh, evilmike_swamp_ruin_rubble_1
Swamp:4:  swamp_basic_johnstein, layout_basic_swamp, uniq_louise
Orc:1:    layout_caves, basic_altar, david_defended_altar_orc, uniq_fannar,
          uniq_snorg, uniq_harold
Orc:2:    grunt_orc_community_town_hall, layout_caves,
          grunt_orc_community_big_house_2, grunt_orc_community_big_house_2,
          grunt_orc_community_house_2, grunt_orc_community_house_2,
          grunt_orc_community_house_3, grunt_orc_community_house_3,
          grunt_orc_community_house_3, serial_shops,
          nicolae_shop_overgrown_old_shop, nicolae_shop_overcharged_wands,
          uniq_josephine, uniq_nessos, uniq_azrael

Skill      XL: |  1  2  3  4  5  6  7  8  9 10 11 12 13 14 15 16 17 |
---------------+----------------------------------------------------+-----
Fighting       | 2 3 5 6 9 11 12 13 | 13.2
Transmutations | 2 3 4 5 6 9 11 13 16 | 16.1
Ice Magic      | 1 2 3 4 5 |  5.3
Unarmed Combat | 5 8 10 12 13 14 | 14.5
Invocations    | 3 6 7 |  7.6
Air Magic      | 2 6 9 11 12 | 12.6
Translocations | 4 5 |  5.8
Spellcasting   | 5 |  5.9
Dodging        | |  1.7

Action                     |  1- 3 |  4- 6 |  7- 9 | 10-12 | 13-15 | 16-18 || total
---------------------------+-------+-------+-------+-------+-------+-------++-------
  Melee: Dagger            |    90 |       |       |       |       |       ||    90
         Unarmed           |    11 |       |   168 |   295 |   513 |   277 ||  1264
         Punch             |     8 |     6 |       |     2 |    18 |    12 ||    46
         Whip              |   106 |    50 |       |       |       |       ||   156
         Kick              |     6 |    10 |       |       |       |       ||    16
         Headbutt          |     5 |     7 |       |       |       |       ||    12
         Hand axe          |       |    43 |       |       |       |       ||    43
         Mace              |       |    57 |    62 |    19 |    18 |     3 ||   159
         Tailslap          |       |       |       |       |       |    11 ||    11
         Bite              |       |       |       |       |       |     5 ||     5
  Throw: Dart              |       |     4 |       |     1 |       |       ||     5
         Stone             |       |     4 |       |     1 |       |       ||     5
   Cast: Beastly Appendage |     4 |    11 |       |       |       |       ||    15
         Ice Form          |       |       |    24 |    40 |    47 |       ||   111
         Wereblood         |       |       |     1 |    11 |    15 |     6 ||    33
         Manifold Assault  |       |       |       |       |    31 |    20 ||    51
         Blink             |       |       |       |       |    11 |     1 ||    12
         Storm Form        |       |       |       |       |    25 |    39 ||    64
         Dragon Form       |       |       |       |       |       |     8 ||     8
 Invoke: Temporal Distorti |       |       |       |     1 |       |       ||     1
         Slouch            |       |       |       |       |     2 |       ||     2
         Bend Time         |       |       |       |       |     1 |       ||     1
Ability: Blinkbolt         |       |       |       |       |    22 |    30 ||    52
         End Transformatio |       |       |       |       |     1 |       ||     1
         Breathe Fire      |       |       |       |       |       |     2 ||     2
  Evoke: Wand              |       |     2 |     4 |     8 |     4 |       ||    18
         Box of beasts     |       |       |       |       |     1 |     1 ||     2
    Use: Potion            |     1 |    10 |     2 |     2 |     3 |       ||    18
         Scroll            |       |       |    15 |     5 |     8 |     6 ||    34
   Stab: Paralysed         |       |       |     8 |     2 |     1 |       ||    11
         Sleeping          |       |       |     1 |       |     2 |     2 ||     5
         Distracted        |       |       |       |       |       |     1 ||     1
 Armour: Robe              |    81 |    35 |    30 |       |       |       ||   146
         Skin              |    12 |       |    58 |    88 |   162 |   145 ||   465
         Steam dragon scal |       |       |     4 |    20 |       |       ||    24
         Troll leather arm |       |       |       |     1 |    18 |       ||    19
  Dodge: Dodged            |    91 |    70 |   146 |   189 |   286 |   208 ||   990

Table legend: (Time is in decaauts)
 A = Elapsed time spent in this place.
 B = Non-inter-level travel time spent in this place.
 C = Inter-level travel time spent in this place.
 D = Time resting spent in this place.
 E = Time spent auto-exploring this place.
 F = Levels seen in this place.
 G = Mean time per level.
                   A        B        C        D        E       F      G
               +--------+--------+--------+--------+--------+-----+--------+
         Total |  43741 |  40958 |   2783 |   3859 |  29614 |  29 | 1508.3 |
       Dungeon |  27070 |  24904 |   2166 |   2970 |  17440 |  15 | 1804.7 |
        Temple |     61 |     54 |      7 |      0 |     37 |   1 |   61.0 |
          Lair |   7935 |   7547 |    388 |     86 |   6323 |   5 | 1587.0 |
         Swamp |   3851 |   3737 |    114 |    417 |   2852 |   4 |  962.8 |
  Orcish Mines |   3052 |   2946 |    106 |      0 |   2548 |   2 | 1526.0 |
       Ossuary |    595 |    595 |      0 |    171 |    164 |   1 |  595.0 |
      Gauntlet |   1176 |   1176 |      0 |    214 |    250 |   1 | 1176.0 |
               +--------+--------+--------+--------+--------+-----+--------+

Top non-repeatable levels by time:
    D:15: 2586 daAuts
     D:7: 2289 daAuts
    D:14: 2271 daAuts
    D:11: 2270 daAuts
     D:2: 2195 daAuts
  Lair:5: 2139 daAuts
   Orc:2: 1997 daAuts
    D:12: 1974 daAuts
     D:4: 1929 daAuts
  Lair:3: 1920 daAuts
     D:8: 1751 daAuts
    D:13: 1665 daAuts
  Lair:4: 1595 daAuts
    D:10: 1532 daAuts
     D:1: 1453 daAuts
